Map: Pillars of Gold LE

Players

Lambo - Winner!

  • Race: Zerg Zerg
  • League: Grandmaster
  • Spawn Location: 1:00

PAPI

  • Race: Protoss Protoss
  • League: Grandmaster
  • Spawn Location: 7:00

VOD

Have the link to the VOD?

Description

Time

  • Played on: April 1, 2021, 11:13 a.m.
  • Length: 12:39
Show
View Real Time Build Order
Export as new Build Order

Lambo Zerg - Winner!

Build Orders: Hatch First 

Get SALT Encoding   

  12  0:00  Drone  
  13  0:13  Overlord  
  13  0:17  Drone  
  14  0:31  Drone x2  
  16  0:43  Drone  
  17  0:53  Hatchery  
  17  0:56  Drone  
  17  1:00  Drone  
  18  1:10  Extractor  
  17  1:15  Spawning Pool  
  16  1:18  Drone  
  16  1:22  Drone  
  18  1:29  Drone  
  20  1:40  Drone  
  20  1:55  Drone  
  21  2:04  Queen  
  21  2:05  Queen  
  21  2:06  Zergling x2, Overlord  
  26  2:14  Metabolic Boost  
  26  2:15  Drone  
  27  2:16  Drone  
  28  2:25  Drone  
  28  2:27  Drone  
  30  2:38  Hatchery  
  30  2:40  Drone  
  30  2:44  Drone  
  30  2:46  Zergling x2  
  30  2:50  Overlord  
  32  2:57  Queen  
  34  3:00  Drone  
  34  3:02  Drone  
  36  3:08  Drone  
  36  3:11  Queen  
  39  3:15  Overlord  
  39  3:18  Drone  
  39  3:19  Drone  
  41  3:21  Drone  
  41  3:23  Drone  
  43  3:27  Overlord  
  43  3:34  Queen  
  43  3:35  Drone  
  43  3:38  Drone  
  47  3:42  Drone  
  47  3:43  Drone  
  47  3:45  Overlord  
  47  3:47  Drone  
  50  3:52  Drone, Spore Crawler  
  50  3:53  Drone  
  51  3:59  Spore Crawler  
  51  4:00  Drone  
  51  4:03  Queen  
  51  4:06  Drone  
  54  4:11  Zergling x4  
  54  4:13  Drone x2  
  58  4:17  Drone x3  
  58  4:19  Zergling x2  
  58  4:21  Drone  
  62  4:24  Drone x2  
  62  4:27  Overlord  
  62  4:30  Zergling x2  
  65  4:37  Baneling Nest, Lair  
  64  4:39  Drone  
  64  4:40  Extractor  
  64  4:41  Drone  
  64  4:43  Drone  
  66  4:45  Overlord  
  66  4:49  Drone x3  
  66  4:52  Overlord  
  69  4:53  Drone  
  69  4:54  Drone  
  69  4:57  Drone, Evolution Chamber  
  72  5:00  Drone x2  
  72  5:03  Drone  
  72  5:04  Drone x3  
  76  5:10  Drone  
  76  5:11  Drone x2  
  76  5:14  Drone x3  
  82  5:16  Drone  
  82  5:17  Extractor x2  
  82  5:18  Drone x3  
  84  5:23  Zerg Melee Weapons Level 1  
  84  5:29  Hatchery  
  84  5:30  Drone x2  
  84  5:33  Drone x2  
  87  5:38  Spore Crawler  
  87  5:39  Extractor  
  87  5:40  Drone x4, Extractor  
  88  5:44  Centrifical Hooks, Hydralisk Den  
  88  5:49  Overseer  
  87  5:50  Drone x2  
  87  5:51  Overlord  
  87  5:52  Overlord  
  89  6:02  Overlord  
  89  6:05  Overlord x2  
  88  6:11  Drone x7  
  88  6:13  Spore Crawler  
  88  6:15  Drone x3  
  97  6:20  Muscular Augments  
  97  6:23  Hydralisk  
  97  6:24  Hydralisk x4  
  107  6:31  Hydralisk x3  
  114  6:32  Zergling x2  
  114  6:38  Zergling x2  
  115  6:42  Hydralisk x4  
  115  6:45  Zergling x6  
  115  6:46  Drone  
  127  6:50  Overlord  
  127  6:51  Overlord x2  
  127  6:53  Zergling x4  
  129  6:57  Zergling x6  
  132  7:02  Zergling x2  
  130  7:08  Drone x2  
  130  7:09  Drone  
  130  7:10  Zergling x2  
  134  7:16  Hydralisk x7  
  134  7:17  Zergling x2  
  134  7:21  Drone  
  134  7:22  Drone x2  
  151  7:26  Zergling x10  
  151  7:27  Baneling  
  151  7:28  Baneling x6  
  156  7:32  Grooved Spines  
  156  7:33  Hydralisk x2, Baneling x3  
  156  7:36  Zerg Melee Weapons Level 2  
  160  7:41  Hatchery  
  160  7:43  Drone  
  159  7:44  Extractor  
  159  7:47  Infestation Pit  
  159  7:48  Zergling x8  
  159  7:49  Evolution Chamber  
  159  7:50  Zergling x4  
  159  7:57  Zergling x4  
  159  7:59  Overlord  
  159  8:03  Overlord  
  159  8:05  Overlord, Baneling x16  
  159  8:16  Baneling x5  
  159  8:18  Drone x2  
  159  8:19  Drone x4  
  165  8:21  Overlord  
  165  8:23  Overlord  
  165  8:24  Zergling x14  
  165  8:25  Zergling x10  
  175  8:28  Zergling x4  
  175  8:34  Zergling x4  
  175  8:38  Zergling x2  
  175  8:39  Zergling x8  
  176  8:43  Zergling x8  
  176  8:44  Hive  
  176  8:46  Spire  
  172  8:50  Zergling x10  
  172  8:51  Baneling x8  
  172  8:54  Drone x2  
  172  8:55  Drone x2  
  180  9:03  Pneumatized Carapace  
  180  9:07  Overseer  
  180  9:12  Zergling x22  
  180  9:16  Baneling x12  
  191  9:18  Zergling x8  
  191  9:20  Zerg Missile Weapons Level 1  
  195  9:27  Overlord  
  195  9:30  Zergling x6  
  191  9:39  Zergling x12  
  191  9:46  Hydralisk x8  
  191  9:51  Zergling x22  
  193  9:52  Zergling x2  
  193  9:53  Zergling x2  
  182  10:00  Zergling x4  
  182  10:03  Adrenal Glands  
  182  10:05  Zergling x12  
  189  10:07  Baneling x10  
  189  10:09  Zergling x2  
  189  10:10  Zergling x6  
  189  10:12  Zergling x4  
  195  10:16  Baneling x6  
  195  10:17  Zergling x4, Baneling  
  195  10:20  Zergling x2  
  193  10:24  Zergling x6  
  193  10:25  Zergling x2  
  193  10:28  Baneling x13  
  193  10:36  Overlord  
  193  10:42  Zergling x22  
  195  10:50  Zergling x10  
  186  10:57  Zergling x6  
  186  11:00  Zergling x2  
  186  11:01  Hydralisk x3  
  186  11:02  Hydralisk x2  
  186  11:04  Baneling x10  
  200  11:14  Hatchery  
  199  11:18  Baneling x11  
  199  11:24  Zergling x2  
  199  11:25  Zergling x2  
  199  11:30  Zergling x6  
  199  11:31  Baneling x9  
  197  11:39  Zergling x12  
  199  11:42  Baneling x9  
  199  11:46  Hydralisk, Overlord  
  199  11:47  Hydralisk  
  196  11:53  Hydralisk x2  
  184  11:55  Zergling x20  
  184  11:56  Zergling x14, Hydralisk  
  184  11:59  Hydralisk  
  184  12:00  Zergling x4  
  178  12:04  Zergling x8, Baneling x3  
  178  12:06  Zergling x4  
  183  12:12  Hydralisk  
  183  12:13  Zergling x2  
  183  12:15  Baneling x5  
  182  12:18  Zergling x8  
  182  12:20  Baneling x4  
  182  12:21  Zergling x8  
Show
View Real Time Build Order
Export as new Build Order

PAPI Protoss 

Build Orders: 1 Gate Expand, Oracle Opening, Phoenix Opening, Archon Immortal 

Get SALT Encoding   

  12  0:00  Probe  
  13  0:12  Probe  
  14  0:19  Pylon  
  14  0:24  Probe  
  15  0:37  Probe (Chrono Boost)  
  15  0:41  Gateway  
  16  0:46  Probe (Chrono Boost)  
  16  0:48  Assimilator  
  17  0:51  Probe (Chrono Boost)  
  18  1:03  Probe  
  19  1:15  Probe  
  20  1:28  Nexus  
  20  1:38  Cybernetics Core  
  20  1:41  Probe  
  21  1:47  Assimilator  
  21  1:53  Probe  
  22  1:58  Pylon  
  22  2:05  Probe  
  23  2:13  Adept (Chrono Boost)  
  23  2:17  Probe  
  23  2:21  Stargate  
  27  2:30  Probe  
  27  2:31  Warp Gate  
  27  2:38  Adept  
  27  2:41  Probe (Chrono Boost)  
  27  2:42  Probe (Chrono Boost)  
  31  2:51  Probe x2 (Chrono Boost)  
  33  2:56  Probe x2 (Chrono Boost)  
  35  3:05  Phoenix (Chrono Boost)  
  37  3:07  Probe  
  37  3:08  Probe  
  39  3:16  Pylon  
  40  3:20  Probe x2  
  40  3:23  Oracle (Chrono Boost)  
  44  3:32  Probe  
  44  3:33  Probe  
  46  3:45  Probe  
  46  3:47  Nexus  
  47  3:49  Pylon  
  47  3:52  Probe  
  48  3:57  Oracle  
  48  4:00  Probe  
  52  4:04  Gateway  
  52  4:06  Probe  
  53  4:10  Assimilator  
  53  4:15  Assimilator  
  53  4:16  Pylon, Probe  
  54  4:26  Probe  
  54  4:29  Probe  
  54  4:31  Adept  
  59  4:38  Probe  
  59  4:41  Probe, Robotics Facility  
  60  4:48  Twilight Council  
  60  4:50  Forge, Probe  
  61  4:53  Probe  
  61  4:54  Sentry  
  61  4:57  Shield Battery  
  64  5:01  Zealot  
  64  5:02  Probe  
  64  5:05  Probe (Chrono Boost)  
  64  5:06  Probe (Chrono Boost)  
  69  5:15  Probe (Chrono Boost), Gateway  
  69  5:16  Gateway  
  69  5:17  Sentry, Probe (Chrono Boost)  
  69  5:18  Probe (Chrono Boost)  
  69  5:21  Pylon  
  74  5:24  Probe (Chrono Boost)  
  74  5:25  Probe (Chrono Boost), Protoss Ground Weapons Level 1  
  74  5:26  Probe (Chrono Boost)  
  77  5:28  Charge  
  77  5:34  Probe  
  77  5:35  Zealot, Probe  
  79  5:36  Probe  
  79  5:42  Immortal  
  86  5:46  Pylon, Probe  
  86  5:48  Probe  
  86  5:49  Assimilator  
  88  5:54  Assimilator  
  88  5:57  Probe  
  89  6:00  Gateway  
  89  6:02  Gateway  
  89  6:04  Probe  
  89  6:05  Zealot x2  
  89  6:06  Probe  
  89  6:09  Probe  
  96  6:14  Pylon  
  96  6:16  Zealot x2, Probe  
  101  6:24  Gateway x2  
  101  6:32  Probe, Robotics Facility  
  102  6:35  Immortal  
  102  6:39  Pylon  
  106  6:41  Templar Archives  
  106  6:47  Gateway  
  106  6:49  Gateway  
  106  6:50  Probe x2  
  108  6:54  Pylon  
  108  6:56  Gateway  
  108  6:59  Psionic Storm  
  108  7:00  Zealot x3  
  114  7:11  Zealot  
  116  7:16  Pylon  
  116  7:17  Pylon  
  116  7:20  Immortal x2  
  124  7:27  Pylon  
  124  7:33  Pylon  
  124  7:35  High Templar  
  124  7:36  High Templar x6  
  138  7:42  Archon  
  138  7:45  Nexus  
  138  7:47  Archon x2  
  135  7:52  High Templar x2  
  135  7:55  Zealot x2, Photon Cannon  
  135  7:58  Probe x3  
  141  8:02  Photon Cannon  
  141  8:09  Shield Battery  
  141  8:10  Protoss Ground Weapons Level 2 (Chrono Boost)  
  141  8:11  Shield Battery  
  141  8:23  Stalker x3  
  146  8:29  Probe x3  
  146  8:35  Photon Cannon  
  146  8:41  Photon Cannon  
  142  8:42  Probe  
  142  8:43  Stalker x3  
  142  8:46  Stalker  
  144  8:50  Probe x2  
  142  9:03  Immortal (Chrono Boost)  
  142  9:04  Immortal (Chrono Boost), Assimilator  
  142  9:09  Probe  
  151  9:10  Probe  
  151  9:12  High Templar x2  
  156  9:17  Archon  
  156  9:19  High Templar  
  156  9:21  Shield Battery  
  156  9:23  Photon Cannon  
  158  9:26  High Templar  
  158  9:29  Probe  
  161  9:33  Pylon, Archon  
  161  9:35  Observer  
  158  9:48  Zealot x5  
  142  9:59  Zealot x4, Warp Prism (Chrono Boost)  
  146  10:00  Zealot x3  
  146  10:01  Zealot  
  155  10:30  Pylon, Zealot  
  155  10:32  Pylon x2  
  155  10:33  Pylon  
  155  10:38  Zealot  
  155  10:46  Zealot x2  
  156  10:51  Zealot x7  
  165  11:07  Pylon  
  165  11:09  Pylon  
  165  11:10  Gateway  
  162  11:13  High Templar  
  162  11:14  High Templar x9  
  162  11:17  Archon  
  162  11:18  Archon x4  
  182  11:20  Probe  
  161  11:46  Zealot  
  161  11:47  Zealot x8  
  124  12:03  Probe  
  115  12:17  High Templar x4  
  115  12:18  Zealot  
  115  12:19  Zealot x5  
  115  12:21  Archon x2  
Tags
 
Add a new tag
Caveats
  • Supply blocks, unpowered buildings, or Contaminate may cause inaccurate times.
  • Supply counts are checked every 10 seconds.